 Dungeon Crawl Stone Soup version 0.25.1-2-g60ff931df9 (webtiles) character file.

Game seed: 13015700675049483238

22366 NightCrawler43 the Cleaver (level 12, -5/126 HPs)
             Began as an Ogre Fighter on Sept 12, 2020.
             Was an Elder of Qazlal.
             Slain by a two-headed ogre
             ... wielding a +0 giant club
              (14 damage)
             ... on level 2 of the Orcish Mines.
             The game lasted 00:28:35 (17189 turns).

NightCrawler43 the Cleaver (Ogre Fighter)          Turns: 17189, Time: 00:28:36

Health: -5/126     AC:  4    Str: 25    XL:     12   Next: 99%
Magic:  13/19      EV: 16    Int:  9    God:    Qazlal [****..]
Gold:   1061       SH: 21    Dex: 10    Spells: 11/11 levels left

rFire    . . .     SeeInvis .   P - +0 broad axe
rCold    . . .     Gourm    .   c - +0 kite shield
rNeg     . . .     Faith    .   b - +0 robe
rPois    .         Spirit   .   (helmet restricted)
rElec    .         Reflect  +   x - +0 cloak
rCorr    .         Harm     .   (gloves unavailable)
MR       ++...                  (boots unavailable)
Stlth    +.........             s - amulet of reflection
HPRegen  0.31/turn              G - ring of protection from magic
MPRegen  0.16/turn              C - +4 ring of evasion

@: studying Summonings, repel missiles
A: large, unfitting armour, tough skin 1
a: Upheaval, Elemental Force, Renounce Religion


You were on level 2 of the Orcish Mines.
You worshipped Qazlal.
Qazlal was greatly pleased with you.
You were not hungry.

You visited 3 branches of the dungeon, and saw 16 of its levels.

You collected 1061 gold pieces.

Inventory:

Hand Weapons
 q - a +2 hand axe of venom
 P - a +0 broad axe (weapon)
Missiles
 e - 6 boomerangs (quivered)
 l - 45 large rocks
 u - 6 silver javelins
 y - a throwing net
Armour
 b - a +0 robe (worn)
 c - a +0 kite shield (worn)
 x - a +0 cloak (worn)
Jewellery
 g - a cursed -4 ring of slaying {unknown}
 n - an uncursed ring of poison resistance
 s - an amulet of reflection (around neck)
 C - a +4 ring of evasion (right hand)
 G - a ring of protection from magic (left hand)
 N - an uncursed ring of wizardry
 O - an uncursed ring of teleportation
Wands
 t - a wand of iceblast (4)
 M - a wand of acid (16)
Scrolls
 d - 6 scrolls of enchant armour
 i - 4 scrolls of immolation
 j - 7 scrolls of remove curse
 k - 5 scrolls of amnesia
 m - 3 scrolls of random uselessness
 p - 4 scrolls of fog
 r - 2 scrolls of fear
 H - 3 scrolls of teleportation
 I - a scroll of enchant weapon
Potions
 h - 2 potions of brilliance
 v - a potion of ambrosia
 w - 2 potions of magic
 z - 2 potions of berserk rage {unknown}
 A - a potion of heal wounds
 B - 2 potions of flight {unknown}
 F - a potion of cancellation {unknown}
 J - a potion of invisibility {unknown}
 K - 2 potions of stabbing {unknown}
 L - 2 potions of degeneration {unknown}
Books
 D - a manual of Summonings
Comestibles
 f - 14 rations
 E - 7 chunks of flesh


   Skills:
 - Level 10.0 Fighting
 + Level 12.8 Axes
 * Level 4.0 Throwing
 + Level 6.8 Dodging
 + Level 9.5 Shields
 - Level 10.0 Invocations


You had 11 spell levels left.
You didn't know any spells.
Your spell library contained the following spells:

 Spells                   Type           Power        Failure   Level  Hunger
 Animate Skeleton         Necr           N/A          38%         1    ##.....
 Apportation              Tloc           #.....       38%         1    ##.....
 Beastly Appendage        Tmut           #.....       38%         1    ##.....
 Corona                   Hex            #......      38%         1    ##.....
 Foxfire                  Conj/Fire      #...         38%         1    ##.....
 Freeze                   Ice            #...         38%         1    ##.....
 Infusion                 Chrm           #...         38%         1    ##.....
 Sting                    Tmut/Pois      #...         38%         1    ##.....
 Summon Small Mammal      Summ           #...         38%         1    ##.....
 Poisonous Vapours        Pois/Air       #.....       52%         2    ###....
 Shroud of Golubria       Chrm/Tloc      #.....       52%         2    ###....
 Song of Slaying          Chrm           #.......     52%         2    ###....
 Sticks to Snakes         Tmut           #.......     52%         2    ###....
 Confusing Touch          Hex            #.......     77%         3    ####...
 Conjure Flame            Conj/Fire      #.......     77%         3    ####...
 Frozen Ramparts          Ice            #.....       77%         3    ####...
 Gell's Gravitas          Tloc           #.........   77%         3    ####...
 Ignite Poison            Fire/Tmut/Pois #.......     77%         3    ####...
 Inner Flame              Hex/Fire       #.......     77%         3    ####...
 Mephitic Cloud           Conj/Pois/Air  #.......     77%         3    ####...
 Ozocubu's Armour         Chrm/Ice       #.......     77%         3    ####...
 Spectral Weapon          Hex/Chrm       #.......     77%         3    ####...
 Spider Form              Tmut/Pois      #.........   77%         3    ####...
 Hailstorm                Conj/Ice       #.......     99%         4    #####..
 Ice Form                 Ice/Tmut       #.......     99%         4    #####..
 Olgreb's Toxic Radiance  Pois           #.......     99%         4    #####..
 Petrify                  Tmut/Erth      #.......     99%         4    #####..
 Sticky Flame             Conj/Fire      #.......     99%         4    #####..
 Summon Ice Beast         Ice/Summ       #.......     99%         4    #####..
 Blade Hands              Tmut           #.........   100%        5    ######.
 Fireball                 Conj/Fire      #.........   100%        5    ######.
 Metabolic Englaciation   Hex/Ice        #.........   100%        5    ######.
 Yara's Violent Unravell  Hex/Tmut       #.........   100%        5    ######.


Dungeon Overview and Level Annotations

Branches:
Dungeon (13/15)            Temple (1/1) D:4            Lair (0/6) D:10
    Orc (2/2) D:11
    Elf: Orc:2       Vaults: D:13-14

Altars:
Ashenzari
Cheibriados
Dithmenos
Elyvilon
Fedhas
Gozag
Hepliaklqana
Kikubaaqudgha
Makhleb
Nemelex Xobeh
Okawaru
Qazlal
Ru
Sif Muna
Trog
Uskayaw
Vehumet
Wu Jian
Xom
Yredelemnul
Zin
The Shining One

Shops:
D:5 }   Orc:1 :

Annotations:
D:5 3 runed translucent doors, hrogart's ghost, novice MiBe
D:10 2 transporters


Innate Abilities, Weirdness & Mutations

You are too large for most types of armour.
You have tough skin. (AC +1)


Message History

You are too injured to fight recklessly!
Unknown command.
You hear a shout!
Clouds arounds you coalesce and take form!
The two-headed ogre closely misses your fire elemental.
The two-headed ogre hits your fire elemental with a +0 giant spiked club!!
Unknown command.
The two-headed ogre hits you with a +0 giant club!!
* * * LOW HITPOINT WARNING * * *
The two-headed ogre hits you with a +0 giant club!!
* * * LOW HITPOINT WARNING * * *
Your fire elemental hits the two-headed ogre.
Your fire elemental burns the two-headed ogre!
The two-headed ogre hits your fire elemental with a +0 giant club!
Your fire elemental is destroyed!
Your water elemental hits the two-headed ogre.
Your earth elemental closely misses the two-headed ogre.
You block the two-headed ogre's attack.
The two-headed ogre hits you with a +0 giant club!
You die...

##..##....##..##
#####...###....####
##.#......###....#
#........## ##.###
##.....### ###
##......##
.##.#.#..☼.#
.....#○E§.##
.....☼E@E##
.#...○OO..#
#.....EO.##
##.#...O.##### ##
##...#....#)#...##
##.......)O.....#
##......#O)...##
##..#..###O....
#........ ....


You could see 2 two-headed ogres, 2 ogres, 2 friendly earth elementals and 2
friendly water elementals.

Vanquished Creatures
  A stone giant (D:12)
  Josephine (D:12)
  A hydra (D:11)
  6 two-headed ogres
  An unseen horror (D:10)
  An orc sorcerer (Orc:2)
  7 cyclopes
  2 centaur zombies
  A gargoyle (D:12)
  A hornet (D:9)
  3 trolls
  A slime creature (D:12)
  3 hippogriffs
  A spriggan (D:7)
  5 wraiths
  2 shadows
  Sigmund (D:6)
  5 yaks (D:10)
  A hungry ghost (D:11)
  A steam dragon (D:8)
  2 wargs
  2 water moccasins
  5 ice beasts
  11 orc warriors
  2 sky beasts
  A necrophage (D:8)
  2 phantoms
  17 ogres
  8 centaurs
  4 big kobolds
  A crocodile (D:10)
  Blork the orc (D:4)
  6 bullfrogs
  A gnoll sergeant (D:4)
  A scorpion (D:12)
  5 killer bees
  4 wights (D:11)
  A howler monkey (D:5)
  3 bullfrog zombies
  6 crimson imps
  2 centaur skeletons
  13 orc priests
  9 hounds
  2 jellies
  Crazy Yiuf (D:5)
  2 bullfrog skeletons
  14 orc wizards
  2 iguanas
  10 worker ants
  A hound zombie (D:10)
  A hound skeleton (D:7)
  3 gnolls
  7 adders
  2 shadow imps
  An ooze (D:1)
  An adder skeleton (D:9)
  2 worms (D:3)
  A dart slug (D:1)
  4 leopard geckos
  52 orcs
  8 bats
  2 giant cockroaches
  4 goblins
  6 hobgoblins
  14 jackals
  19 kobolds
  2 quokkas
  A ball python (D:2)
  15 frilled lizards
  A quokka zombie (D:8)
  5 rats
335 creatures vanquished.

Vanquished Creatures (others)
  A hobgoblin (D:3)
  2 fungi (D:5)
  4 plants
7 creatures vanquished.

Grand Total: 342 creatures vanquished

Notes
Turn   | Place    | Note
-------+----------+-------------------------------------------
     0 | D:1      | NightCrawler43 the Ogre Fighter began the quest for the
                  | Orb.
     0 | D:1      | Reached XP level 1. HP: 24/24 MP: 1/1
   215 | D:1      | Reached XP level 2. HP: 31/32 MP: 2/2
   528 | D:1      | Found a snail-covered altar of Cheibriados.
   673 | D:1      | Reached XP level 3. HP: 35/40 MP: 3/3
  1508 | D:2      | Reached XP level 4. HP: 49/49 MP: 4/4
  1542 | D:2      | Reached skill level 5 in Fighting
  1542 | D:2      | Reached skill level 3 in Axes
  2057 | D:3      | Reached XP level 5. HP: 45/57 MP: 5/5
  2793 | D:3      | Found an opulent altar of Gozag.
  3120 | D:4      | Noticed a phantom
  3239 | D:4      | Noticed Blork the orc
  3248 | D:4      | Killed Blork the orc
  3248 | D:4      | Reached XP level 6. HP: 61/67 MP: 6/6
  3252 | D:4      | Found a staircase to the Ecumenical Temple.
  3264 | Temple   | Entered the Ecumenical Temple
  3406 | Temple   | Became a worshipper of Qazlal Stormbringer
  3444 | D:4      | Noticed an orc warrior
  3454 | D:4      | Killed an orc warrior
  3454 | D:4      | Reached skill level 4 in Axes
  3454 | D:4      | Reached skill level 1 in Invocations
  3885 | D:4      | Killed a phantom
  3885 | D:4      | Reached XP level 7. HP: 54/76 MP: 6/8
  4837 | D:5      | Entered Level 5 of the Dungeon
  4882 | D:5      | Reached skill level 5 in Axes
  4882 | D:5      | Reached XP level 8. HP: 67/87 MP: 9/9
  5223 | D:5      | Found a blossoming altar of Fedhas.
  5363 | D:5      | Found Badduede's Gadget Shoppe.
  5386 | D:5      | Found a runed translucent gate.
  5386 | D:5      | Found a runed translucent gate.
  5386 | D:5      | Found a runed translucent gate.
  5388 | D:5      | Noticed hrogart's ghost (novice MiBe)
  5389 | D:5      | Identified the cursed +1 whip of Fedhas's Reproof {drain,
                  | +Fly rN+ Int-2}
  5431 | D:5      | Found a runed translucent door.
  5432 | D:5      | Noticed Crazy Yiuf
  5443 | D:5      | Killed Crazy Yiuf
  5815 | D:4      | Reached * piety under Qazlal
  6747 | D:6      | Reached skill level 6 in Axes
  6860 | D:6      | Reached XP level 9. HP: 89/97 MP: 11/11
  7117 | D:6      | Noticed Sigmund
  7127 | D:6      | Killed Sigmund
  7127 | D:6      | Reached skill level 5 in Shields
  7958 | D:7      | Reached skill level 5 in Dodging
  7979 | D:7      | Reached ** piety under Qazlal
  8181 | D:7      | Reached skill level 7 in Axes
  8323 | D:7      | Noticed a troll
  8335 | D:7      | Killed a troll
  8622 | D:7      | Reached skill level 10 in Fighting
  9475 | D:8      | Reached skill level 5 in Invocations
  9524 | D:8      | Reached XP level 10. HP: 93/110 MP: 13/13
  9926 | D:8      | Reached skill level 8 in Axes
 10878 | D:9      | Found a snail-covered altar of Cheibriados.
 10881 | D:9      | Found a hazy altar of Hepliaklqana.
 10884 | D:9      | Found a burning altar of Makhleb.
 10887 | D:9      | Found a glowing golden altar of the Shining One.
 11388 | D:9      | Reached *** piety under Qazlal
 11388 | D:9      | Reached skill level 9 in Axes
 11923 | D:10     | Entered Level 10 of the Dungeon
 12368 | D:10     | Reached XP level 11. HP: 100/117 MP: 16/16
 12376 | D:10     | Reached skill level 10 in Axes
 12464 | D:10     | Killed an unseen horror
 12909 | D:10     | You fall into a shaft and drop 3 floors!
 12935 | D:12     | Noticed a two-headed ogre
 12944 | D:12     | Noticed a cyclops
 12946 | D:12     | Noticed a stone giant
 12951 | D:12     | Killed a two-headed ogre
 12951 | D:12     | Noticed a two-headed ogre
 12957 | D:12     | Noticed a two-headed ogre
 12957 | D:12     | Noticed a two-headed ogre
 12957 | D:12     | Noticed a two-headed ogre
 12958 | D:12     | Noticed a cyclops
 12962 | D:12     | Noticed Josephine
 12965 | D:12     | Noticed a cyclops
 12966 | D:12     | Killed a cyclops
 13270 | D:12     | Killed a two-headed ogre
 13270 | D:12     | Reached skill level 11 in Axes
 13285 | D:12     | Killed a cyclops
 13354 | D:12     | Noticed a cyclops
 13364 | D:12     | Killed a cyclops
 13565 | D:12     | Killed a stone giant
 13660 | D:12     | Noticed a cyclops
 13680 | D:12     | HP: 3/117 [two-headed ogre/+0 giant spiked club (22)]
 13690 | D:12     | Killed a two-headed ogre
 13690 | D:12     | Reached XP level 12. HP: 48/126 MP: 18/18
 13710 | D:12     | Reached skill level 12 in Axes
 14064 | D:12     | Killed a two-headed ogre
 14064 | D:12     | Reached **** piety under Qazlal
 14198 | D:12     | Killed Josephine
 14357 | D:12     | Got a crystal rapier
 14626 | D:12     | Killed a two-headed ogre
 14750 | D:11     | Noticed a two-headed ogre
 14759 | D:11     | Killed a two-headed ogre
 15124 | D:11     | Noticed a five-headed hydra
 15131 | D:11     | Killed a five-headed hydra
 15547 | D:11     | Found a staircase to the Orcish Mines.
 15577 | D:11     | Reached skill level 1 in Throwing
 15725 | D:10     | Found a transporter.
 15820 | D:10     | Noticed an orc high priest
 15824 | D:10     | Found a transporter.
 15851 | D:10     | Found a staircase to the Lair.
 15877 | D:10     | Noticed a deep elf knight
 16005 | Orc:1    | Entered Level 1 of the Orcish Mines
 16005 | Orc:1    | Found Ibluw's Book Boutique.
 16020 | D:11     | Reached skill level 10 in Invocations
 16824 | Orc:2    | Entered Level 2 of the Orcish Mines
 17075 | Orc:2    | Identified the cursed +0 rapier "Ukkezong" {vorpal, Dex+3}
                  | (You found it on level 12 of the Dungeon)
 17169 | Orc:2    | Noticed a two-headed ogre
 17171 | Orc:2    | Noticed a two-headed ogre
 17177 | Orc:2    | Noticed a two-headed ogre
 17189 | Orc:2    | Slain by a two-headed ogre

Illustrated notes

Levels and vault maps discovered:
D:1:      dpeg_arrival_stonehenge_8_columns, layout_basic,
          minmay_strange_pillars, cheibriados_altar_1
D:2:      layout_loops_ring, first_ration, kennysheep_crisscross, nrook_uturn,
          minmay_lizard_pond
D:3:      layout_loops_cross, marbit_many_paths
D:4:      layout_layer_cave, minmay_temple_entry_overgrown, uniq_blork_the_orc
D:5:      layout_loops_ring, kennysheep_mini_moat, serial_shops, shop,
          gammafunk_ghost_nasty_kobolds, st_stairs_5, minmay_manual_mullet,
          uniq_crazy_yiuf_cottage
D:6:      layout_gridville, uniq_sigmund
D:7:      layout_gridville, the_bakery
D:8:      kennysheep_six_static_rooms, layout_loops_ring
D:9:      layout_stronghold, grunt_temple_overflow_cloverleaf
D:10:     gammafunk_wand_slinger, layout_rooms, lair_entry_dummy
D:11:     layout_gridville, orc_0_dummy
D:12:     cheibrodos_monumental, layout_basic, serial_shops, nicolae_shop_trees,
          minmay_misc_feat_rows, uniq_josephine
D:13:     layout_layer_cave, serial_shops, shop, gammafunk_ghost_arena,
          david_defended_altar_elf, uniq_jorgrun
Temple:   kb_temple_of_zot
Orc:1:    layout_diamond_mine, serial_shops, shop
Orc:2:    st_orc_ogre_mass, layout_diamond_mine, nooodl_orcs_dogs

Skill      XL: |  1  2  3  4  5  6  7  8  9 10 11 12 |
---------------+-------------------------------------+-----
Shields        | 3 4 5 7 8 9 |  9.5
Fighting       | 5 6 7 8 10 | 10.0
Axes           | 3 4 5 6 7 9 11 12 | 12.8
Dodging        | 3 4 5 6 |  6.8
Invocations    | 1 2 3 5 6 8 10 | 10.0
Throwing       | 4 |  4.0

Action                   |  1- 3 |  4- 6 |  7- 9 | 10-12 || total
-------------------------+-------+-------+-------+-------++-------
Melee: War axe           |    87 |       |       |       ||    87
       Hand axe          |    14 |   170 |   298 |   708 ||  1190
       Unarmed           |       |       |       |     3 ||     3
       Broad axe         |       |       |       |    16 ||    16
Throw: Large rock        |     1 |       |       |     8 ||     9
       Javelin           |       |       |       |    12 ||    12
       Boomerang         |       |       |       |    17 ||    17
       Throwing net      |       |       |       |     1 ||     1
Invok: Upheaval          |       |       |       |     7 ||     7
       Elemental Force   |       |       |       |     1 ||     1
Evoke: Wand              |       |       |       |     6 ||     6
  Use: Scroll            |       |     5 |     8 |    15 ||    28
       Potion            |       |     3 |       |    10 ||    13
  Eat: Chunk             |     2 |     5 |     7 |     8 ||    22
       Ration            |       |     1 |     3 |     5 ||     9
Armor: Robe              |    33 |    22 |    16 |    35 ||   106
       Skin              |       |       |       |     5 ||     5
Dodge: Dodged            |    31 |    47 |    62 |   152 ||   292
Block: Kite shield       |    39 |   119 |   229 |   575 ||   962
       Reflection        |       |     2 |     7 |    23 ||    32
       Other             |       |       |       |     1 ||     1
